cohdb
Replays
Latest Replays
All Replays
Popular Replays
Top Player Replays
Match Explorer
How It Works
Community
CoH3 Stats
Reddit
Sign in to upload your games and track your stats! →
Sign in with Steam
Match 45699917
Unlisted
Match 45699917
Overview
Messages
Build Orders
End
Construct Infanterie Kompanie
MG 42 Machine Gun Team
Selects Luftwaffe Battlegroup
Selects Luftwaffe Pioneer Support
Fallschirmpioneer Squad Paradrop
GrW 34 Mortar Team
MG 42 Machine Gun Team
Grenadier Squad
Construct Luftwaffe Kompanie
Selects Stuka Strafing Run
Stuka Strafing Run
Support Elements
Wirbelwind Flakpanzer
Luftwaffe Officer Quarters
Construct Panzergrenadier Kompanie
Nebelwerfer 42 Rocket Launcher Team
Joraad
LegionAir
Zockerkoenig99
BlitzDiv
Dance4me
_AT416_
Jacksown
T99A
0
0
Comments
sign in to comment!
No comments posted yet!